 Dungeon Crawl Stone Soup version 0.23-b1-13-gf37ab262a9 (webtiles) character file.

Game seed: 8206106138148081245

24892 Ihlosi the Fighter (level 13, -7/88 HPs)
             Began as a Kobold Fighter on Feb 2, 2019.
             Was a High Priest of the Shining One.
             Mangled by Urug
             ... wielding a +3 glaive
              (17 damage)
             ... on level 11 of the Dungeon.
             The game lasted 00:55:08 (16372 turns).

Ihlosi the Fighter (Kobold Fighter)                Turns: 16372, Time: 00:55:08

Health: -7/88      AC: 15    Str: 21    XL:     13   Next: 46%
Magic:  17/17      EV: 16    Int:  9    God:    the Shining One [*****.]
Gold:   807        SH: 11    Dex: 15    Spells: 14/16 levels left

rFire    . . .     SeeInvis +   a - +5 war axe (freeze)
rCold    + . .     Gourm    .   R - +0 shield
rNeg     + + .     Faith    .   B - +1 scale mail
rPois    +         Spirit   .   P - +1 hat {SInv}
rElec    +         Reflect  .   g - +0 cloak
rCorr    .         Harm     .   O - +2 pair of gloves {Str+3}
MR       .....                  (no boots)
Stlth    ..........             x - amulet of magic regeneration
HPRegen  0.24/turn              F - +3 ring of strength
MPRegen  0.40/turn              j - ring "Paupekh" {rElec rPois rC+ Str-3 Stlth-}

@: glowing
A: small, carnivore
a: Divine Shield, Cleansing Flame, Summon Divine Warrior, Renounce Religion


You were on level 11 of the Dungeon.
You worshipped the Shining One.
The Shining One was extremely pleased with you.
You were not hungry.

You visited 3 branches of the dungeon, and saw 15 of its levels.
You also visited: Ossuary and Bailey.

You collected 807 gold pieces.

Inventory:

Hand Weapons
 a - a +5 war axe of freezing (weapon)
 b - a +0 scimitar of flaming
 c - a +0 triple crossbow
 d - a +0 flail
 n - a +4 hand crossbow
 o - a +0 blowgun
Missiles
 k - 100 bolts
 r - 26 poisoned needles
 N - 70 tomahawks of returning (quivered)
 Q - 2 needles of sleeping
Armour
 g - a +0 cloak (worn)
 B - a +1 scale mail (worn)
 O - a +2 pair of gloves of strength (worn)
 P - a +1 hat of see invisible (worn)
 R - a +0 shield (worn)
Jewellery
 j - the ring "Paupekh" (right hand) {rElec rPois rC+ Str-3 Stlth-}
   (You found it on level 4 of the Dungeon)

   [ring of attention]

   It affects your strength (-3).
   It protects you from cold.
   It insulates you from electricity.
   It protects you from poison.
   It makes you less stealthy.
 x - an amulet of magic regeneration (around neck)
 F - a +3 ring of strength (left hand)
 T - a ring of the Octopus King {rC+ AC+1 EV+1 Str+1 Int+1 Dex+1}
   (You found it on level 2 of the Lair of Beasts)

   [ring of protection from cold]

   It affects your AC (+1).
   It affects your evasion (+1).
   It affects your strength (+1).
   It affects your intelligence (+1).
   It affects your dexterity (+1).
   It protects you from cold.
Wands
 e - a wand of paralysis (3)
Scrolls
 h - 4 scrolls of enchant armour
 i - a scroll of enchant weapon
 t - 9 scrolls of remove curse
 v - 3 scrolls of magic mapping
 z - 2 scrolls of teleportation
 D - 5 scrolls of amnesia
 U - a scroll of identify
 V - a scroll of fog
Potions
 l - 3 potions of lignification
 m - 2 potions of haste
 p - a potion of cancellation
 q - 3 potions of flight
 u - 2 potions of brilliance
 A - 4 potions of magic
 C - 7 potions of mutation
 K - 2 potions of curing
Comestibles
 f - 30 rations


   Skills:
 * Level 13.2 Fighting
 * Level 8.0 Maces & Flails
 * Level 1.0 Crossbows
 * Level 8.9 Armour
 * Level 8.9 Dodging
 - Level 6.0 Shields
 - Level 2.0 Spellcasting
 - Level 2.0 Translocations
 - Level 6.0 Invocations
 - Level 6.0 Evocations


You had 14 spell levels left.
You knew the following spells:

 Your Spells              Type           Power        Failure   Level  Hunger
a - Blink                 Tloc           N/A          90%         2    ###....

Your spell library contained the following spells:

 Spells                   Type           Power        Failure   Level  Hunger
 Corona                   Hex            #......      97%         1    ##.....
 Magic Dart               Conj           #...         97%         1    ##.....
 Summon Small Mammal      Summ           #...         97%         1    ##.....
 Call Imp                 Summ           #.......     99%         2    ###....
 Ensorcelled Hibernation  Hex/Ice        #.....       99%         2    ###....
 Slow                     Hex            #.......     99%         2    ###....
 Call Canine Familiar     Summ           #.......     100%        3    ####...
 Confuse                  Hex            #.......     100%        3    ####...
 Conjure Flame            Conj/Fire      #.......     100%        3    ####...
 Dazzling Spray           Conj/Hex       #.....       100%        3    ####...
 Mephitic Cloud           Conj/Pois/Air  #.......     100%        3    ####...
 Summon Guardian Golem    Hex/Summ       #.......     100%        3    ####...
 Tukima's Dance           Hex            #.......     100%        3    ####...
 Summon Ice Beast         Ice/Summ       #.......     100%        4    #####..
 Summon Lightning Spire   Summ/Air       #.......     100%        4    #####..


Dungeon Overview and Level Annotations

Branches:
Dungeon (11/15)            Temple (1/1) D:5            Lair (3/6) D:8
 Shoals (0/4) Lair:2
  Snake: Lair:2-4    Spider: Lair:2-4       Orc: D:9-12

Altars:
Ashenzari
Cheibriados
Dithmenos
Elyvilon
Fedhas
Gozag
Hepliaklqana
Kikubaaqudgha
Makhleb
Nemelex Xobeh
Okawaru
Qazlal
Ru
Sif Muna
Uskayaw
Vehumet
Wu Jian
Xom
Yredelemnul
Zin
The Shining One

Shops:
D:7 %

Annotations:
D:7 1 runed translucent door!
D:11 Joseph, Urug
Lair:3 Fannar


Innate Abilities, Weirdness & Mutations

You are small and have problems with some larger weapons.
You are carnivorous and can eat meat at any time.


Message History

The hound zombie bites you but does no damage.
You hit Urug. You freeze Urug.
Urug is severely wounded.
You barely miss the hound zombie.
The hound zombie bites you but does no damage.
Urug hits you with a +3 glaive.
* * * LOW HITPOINT WARNING * * *
You block the hound zombie's attack.
You slash Urug! You freeze Urug.
Urug is almost dead.
You slash the hound zombie!
You feel less wooden.
Your +0 cloak unmelds from your body.
Your +1 hat of see invisible unmelds from your body.
Your +2 pair of gloves of strength unmelds from your body.
Your +1 scale mail unmelds from your body.
You feel perceptive.
You feel stronger. Urug hits you with a +3 glaive!
You die...

#.#.. #.....
#...########
#..........
#.......######
#.......)....#
#......†####.#
#..(#..)####.#
#.Z@.........#
#.o####.######
#(...<....
##.##.#.### ... ...
#... ... ...###..#
...#(#..###########
..###....)..Oo.o..


You could see Urug and a hound zombie.

Vanquished Creatures
  Gastronok (D:10)
  3 hydras
  Erica (D:9)
  2 two-headed ogres
  A deep elf knight (D:11)
  An unseen horror (D:10)
  An orc knight (D:11)
  Pikel (D:9)
  An ugly thing (D:11)
  3 spiny frogs
  2 centaur skeletons
  4 kobold demonologists (D:10)
  A komodo dragon (Lair:2)
  A troll (D:9)
  13 blink frogs
  2 hippogriffs
  15 yaks
  2 wraiths
  A basilisk (D:10)
  A hungry ghost (D:9)
  10 water moccasins
  A black bear (D:8)
  9 porcupines
  3 orc warriors
  4 sky beasts
  4 ice beasts
  2 phantoms
  4 ogres
  6 necrophages
  5 centaurs
  7 crocodiles
  4 big kobolds
  A gnoll sergeant (D:7)
  8 bullfrogs
  A wyvern skeleton (D:10)
  A scorpion (D:10)
  5 killer bees (D:8)
  13 wights
  4 howler monkeys
  A bullfrog zombie (D:6)
  2 centaur zombies
  5 jellies (D:9)
  A quasit (D:9)
  5 hounds
  5 orc priests
  A bullfrog skeleton (D:6)
  4 iguanas
  9 orc wizards
  5 worker ants
  2 hound zombies
  3 mummies (Ossuary)
  A worker ant zombie (D:8)
  13 adders
  23 gnolls
  5 oozes (D:9)
  An adder skeleton (D:10)
  7 worms
  3 dart slugs
  11 leopard geckos
  34 orcs
  4 giant cockroaches
  10 hobgoblins
  6 jackals
  30 kobolds
  6 quokkas
  3 ball pythons
  6 bats
  3 frilled lizards
  7 goblins
  6 goblin zombies
  3 hobgoblin zombies (Ossuary)
  A jackal skeleton (D:9)
  A jackal zombie (D:8)
  A kobold zombie (Ossuary)
  2 leopard gecko skeletons
  4 rats
  2 fungi (D:9)
  A plant (D:1)
  3 toadstools (D:9)
389 creatures vanquished.

Vanquished Creatures (others)
  An adder (D:7)
  A bush (D:8)
  5 fungi
  20 plants
  2 toadstools (D:9)
29 creatures vanquished.

Grand Total: 418 creatures vanquished

Notes
Turn   | Place    | Note
-------+----------+-------------------------------------------
     0 | D:1      | Ihlosi the Kobold Fighter began the quest for the Orb.
     0 | D:1      | Reached XP level 1. HP: 14/14 MP: 1/1
     8 | D:1      | Noticed an electric eel
   304 | D:1      | Reached XP level 2. HP: 19/19 MP: 2/2
   666 | D:1      | Reached XP level 3. HP: 19/23 MP: 3/3
  1464 | D:2      | Reached skill level 1 in Dodging
  1464 | D:2      | Reached XP level 4. HP: 25/29 MP: 4/4
  2232 | D:3      | Reached XP level 5. HP: 8/33 MP: 5/5
  2533 | D:3      | Found a sacrificial altar of Ru.
  3278 | D:3      | Reached XP level 6. HP: 31/38 MP: 6/6
  3462 | D:4      | Reached skill level 4 in Fighting
  4063 | D:4      | Got a crude marble ring
  4064 | D:4      | Identified the ring "Paupekh" {rElec rPois rC+ Str-3
                  | Stlth-} (You found it on level 4 of the Dungeon)
  4349 | D:5      | Entered Level 5 of the Dungeon
  4357 | D:5      | Noticed an ogre
  4367 | D:5      | Killed an ogre
  4367 | D:5      | Reached XP level 7. HP: 44/44 MP: 7/7
  4635 | D:5      | Found a staircase to the Ecumenical Temple.
  4650 | Temple   | Entered the Ecumenical Temple
  4975 | Temple   | Became a worshipper of the Shining One
  5285 | D:5      | Found a burning altar of Makhleb.
  5285 | D:5      | Noticed a green death
  5288 | D:5      | Noticed a neqoxec
  5288 | D:5      | Noticed a ynoxinul
  5412 | D:6      | Reached skill level 5 in Fighting
  5432 | D:6      | Reached XP level 8. HP: 36/49 MP: 8/8
  6110 | D:6      | Found an iron altar of Okawaru.
  6516 | D:7      | Reached skill level 5 in Armour
  6773 | D:7      | Noticed a red ugly thing
  6841 | D:7      | Found Doklix's Food Shoppe.
  6883 | D:7      | Reached skill level 6 in Fighting
  6883 | D:7      | Reached XP level 9. HP: 20/55 MP: 9/9
  7306 | D:7      | Reached * piety under the Shining One
  7492 | D:7      | Found a runed translucent door.
  7512 | D:7      | Noticed a two-headed ogre
  7512 | D:7      | Noticed a deep elf mage
  7520 | D:7      | Killed a two-headed ogre
  7520 | D:7      | Reached skill level 5 in Shields
  7522 | D:7      | Reached skill level 7 in Fighting
  7732 | D:8      | Reached skill level 5 in Maces & Flails
  7732 | D:8      | Reached XP level 10. HP: 28/63 MP: 10/10
  7759 | D:8      | Found a sand-covered staircase.
  7874 | D:8      | Reached ** piety under the Shining One
  7877 | Ossuary  | Entered an ossuary
  8497 | Ossuary  | Reached skill level 5 in Dodging
  8668 | D:8      | Reached skill level 8 in Fighting
  8668 | D:8      | Reached skill level 1 in Invocations
  8678 | D:8      | Reached *** piety under the Shining One
  8930 | D:8      | Reached skill level 9 in Fighting
  9384 | D:8      | Found a staircase to the Lair.
  9483 | D:8      | Reached skill level 10 in Fighting
  9483 | D:8      | Reached XP level 11. HP: 72/72 MP: 13/13
  9545 | D:8      | Reached skill level 1 in Evocations
  9827 | D:9      | Got a translucent falchion
  9850 | D:9      | Found a flagged portal.
  9936 | Bailey   | Entered a bailey
 10285 | D:9      | Noticed Pikel
 10293 | D:9      | Killed Pikel
 10293 | D:9      | Reached skill level 11 in Fighting
 10666 | D:9      | Noticed Erica
 10666 | D:9      | Reached **** piety under the Shining One
 10683 | D:9      | Killed Erica
 10868 | D:9      | Found a radiant altar of Vehumet.
 11244 | D:10     | Entered Level 10 of the Dungeon
 11327 | D:10     | Learned a level 2 spell: Blink
 11455 | D:10     | Noticed an unseen horror
 11465 | D:10     | Killed an unseen horror
 11465 | D:10     | Reached skill level 12 in Fighting
 11473 | D:10     | Noticed Gastronok
 11491 | D:10     | Killed Gastronok
 11491 | D:10     | Reached skill level 1 in Spellcasting
 11491 | D:10     | Reached skill level 1 in Translocations
 11491 | D:10     | Reached XP level 12. HP: 81/81 MP: 15/15
 11729 | D:10     | Reached skill level 5 in Invocations
 11780 | D:10     | Noticed a sixfirhy
 12142 | D:10     | Reached ***** piety under the Shining One
 12173 | D:10     | Noticed a two-headed ogre
 12183 | D:10     | Killed a two-headed ogre
 12236 | D:10     | Noticed a seven-headed hydra
 12344 | Lair:1   | Entered Level 1 of the Lair of Beasts
 12359 | Lair:1   | Noticed a six-headed hydra
 12376 | D:8      | Identified the +9 falchion of Checkmate {elec, MR++ Int-5
                  | SInv} (You found it on level 9 of the Dungeon)
 12385 | Lair:1   | Killed a one-headed hydra
 12781 | Lair:1   | Reached skill level 5 in Evocations
 13641 | Lair:2   | Found the ring of the Octopus King
 13701 | Lair:2   | Got a ring of the Octopus King
 13708 | Lair:1   | Identified a ring of the Octopus King {rC+ AC+1 EV+1 Str+1
                  | Int+1 Dex+1} (You found it on level 2 of the Lair of
                  | Beasts)
 14073 | Lair:2   | Reached XP level 13. HP: 87/87 MP: 17/17
 14104 | Lair:2   | Noticed an eight-headed hydra
 14105 | Lair:2   | Found a staircase to the Shoals.
 14517 | Lair:2   | Identified a scroll of acquirement
 14858 | Lair:2   | Noticed a five-headed hydra
 14907 | Lair:2   | Killed a one-headed hydra
 14910 | Lair:2   | Killed a one-headed hydra
 15507 | Lair:3   | Reached skill level 13 in Fighting
 15508 | Lair:3   | Noticed a six-headed hydra
 15509 | Lair:3   | Noticed Fannar
 16248 | D:11     | Noticed Urug
 16321 | D:11     | Reached skill level 1 in Crossbows
 16357 | D:11     | Noticed Joseph
 16372 | D:11     | Mangled by Urug

Skill      XL: |  1  2  3  4  5  6  7  8  9 10 11 12 13 |
---------------+----------------------------------------+-----
Maces & Flails | 2 3 4 5 6 7 8 |  8.0
Dodging        | 1 2 3 4 6 7 8 |  8.9
Shields        | 3 4 5 6 |  6.0
Armour         | 3 4 5 6 8 |  8.9
Fighting       | 4 5 6 7 10 12 13 | 13.2
Invocations    | 3 4 6 |  6.0
Evocations     | 3 5 6 |  6.0
Spellcasting   | 1 2 |  2.0
Translocations | 1 2 |  2.0
Crossbows      | 1 |  1.0

Action                   |  1- 3 |  4- 6 |  7- 9 | 10-12 | 13-15 || total
-------------------------+-------+-------+-------+-------+-------++-------
Melee: Flail             |   157 |    56 |       |    18 |       ||   231
       War axe           |       |   115 |   142 |   542 |   146 ||   945
       Scimitar          |       |       |       |     5 |    18 ||    23
 Fire: Blowgun           |       |       |       |       |     6 ||     6
Throw: Throwing net      |       |     1 |       |       |       ||     1
Evoke: Wand              |       |       |       |     4 |     4 ||     8
  Use: Potion            |       |     2 |     2 |    14 |    12 ||    30
       Scroll            |       |    12 |     3 |    11 |     3 ||    29
  Eat: Chunk             |    10 |     9 |    10 |    28 |     2 ||    59
Armor: Scale mail        |    54 |    63 |    70 |   168 |    73 ||   428
       Skin              |       |       |       |     6 |     9 ||    15
       Troll leather arm |       |       |       |    11 |       ||    11
Dodge: Dodged            |    59 |    53 |    87 |   331 |   145 ||   675
Block: Shield            |    73 |    90 |    92 |   399 |   133 ||   787
       Rpst.: Scimitar   |       |       |       |       |     3 ||     3
